 Dungeon Crawl Stone Soup version 0.27-a0-1591-gc56fcc985a (webtiles) character file.

Game seed: 12687543603266140886

61 DocSulfur the Ruffian (level 3, -2/28 HPs)
             Began as a Draconian Transmuter on July 19, 2021.
             Slain by Natasha (4 damage)
             ... on level 2 of the Dungeon.
             The game lasted 00:06:39 (2168 turns).

DocSulfur the Ruffian (Draconian Transmuter)        Turns: 2168, Time: 00:06:44

Health: -2/28      AC:  5    Str: 13    XL:     3   Next: 83%
Magic:  5/6        EV: 12    Int: 13    God:
Gold:   103        SH:  0    Dex: 11    Spells: 0/6 levels left

rFire    . . .     SeeInvis .     - Unarmed
rCold    . . .     Faith    .   (no shield)
rNeg     . . .     Spirit   .   (armour unavailable)
rPois    .         Reflect  .   (helmet currently unavailable)
rElec    .         Harm     .   (no cloak)
rCorr    .         Rampage  .   (no gloves)
Will     .....                  (boots currently unavailable)
Stlth    +.........             b - amulet of regeneration
HPRegen  1.09/turn              (no ring)
MPRegen  0.10/turn              (no ring)

@: appendages, slowed, very slow
A: horns 2, talons 2, AC +5, unfitting armour, cold-blooded
a: End Transformation


You were on level 2 of the Dungeon.
You had temporarily grown beastly horns and talons.
You visited 1 branch of the dungeon, and saw 3 of its levels.

You collected 103 gold pieces.

Inventory:

Hand Weapons
 h - a +0 spear
 s - a +0 war axe
Missiles
 a - 169 stones
 j - a throwing net
 n - 3 curare-tipped darts
Armour
 g - a +0 buckler
 r - a +0 pair of boots
Magical Staves
 l - a staff of death
Jewellery
 b - an amulet of regeneration (around neck)
 p - an amulet of the acrobat
 t - a +6 ring of strength
Scrolls
 f - a scroll of noise
 o - 3 scrolls of identify
Potions
 c - a potion of magic {unknown}
 d - a potion of flight {unknown}
 e - a potion of degeneration {unknown}
 i - a potion of lignification {unknown}
 k - 2 potions of invisibility {unknown}
 m - a potion of ambrosia {unknown}


   Skills:
 - Level 1.1 Fighting
 - Level 1.7 Dodging
 - Level 3.7 Unarmed Combat
 - Level 2.0 Spellcasting
 * Level 3.2 Transmutations
 * Level 1.1 Poison Magic


You couldn't memorise any spells.
You knew the following spells:

 Your Spells              Type           Power      Damage    Failure   Level
a - Beastly Appendage     Tmut           18%        N/A       7%          1
b - Spider Form           Tmut/Pois      3%         N/A       30%         3
c - Wereblood             Tmut           9%         N/A       10%         2

Your spell library contained the following spells:

 Spells                   Type           Power      Damage    Failure   Level
 Ice Form                 Ice/Tmut       5%         N/A       78%         4


Dungeon Overview and Level Annotations

Branches:
Dungeon (3/15)

Altars:
Xom

Annotations:
D:2 Natasha, Sigmund


Innate Abilities, Weirdness & Mutations

You have temporarily grown beastly horns and talons.
Your plain brown scales are hard. (AC +5)
You cannot fit into any form of body armour.
You are cold-blooded and may be slowed by cold attacks.


Message History

Natasha zaps a wand.
The puff of flame misses you.
Natasha zaps a wand.
The puff of flame hits you.
Natasha mumbles some strange words.
Natasha's front paws start to glow.
Natasha mumbles some strange words.
You see here a +6 ring of strength.
t - a +6 ring of strength Natasha zaps a wand.
The puff of flame hits you!
As you read the scroll labelled CAMUQ ORIUDONT, it crumbles to dust.
It is a scroll of identify.
f - a scroll of noise Natasha stares at you and mumbles some strange words.
You feel yourself slow down.
As you read the scroll labelled CICEUNA ZACUBEAC, it crumbles to dust.
The scroll dissolves into smoke.
It was a scroll of fog.
Natasha zaps a wand.
The puff of flame hits you.
Casting: Beastly Appendage (safe; 7% risk of failure)
Confirm with . or Enter, or press ? or * to list all spells.
You grow a pair of large bovine horns.
Your feet morph into talons.
Natasha claws you. The crimson imp completely misses you.
You hit Natasha but do no damage. Your kick misses Natasha.
You headbutt Natasha.
Natasha is moderately wounded.
Natasha claws you but does no damage.
The crimson imp blinks!
Natasha claws you.
You hit Natasha. Your headbutt misses Natasha.
Your tail-slap misses Natasha.
Natasha is almost dead.
Natasha zaps a wand.
The puff of flame hits you!
You hit Natasha. Your kick misses Natasha. Your headbutt misses Natasha.
Natasha is almost dead.
The crimson imp disappears in a puff of smoke!
Natasha claws you.
* * * LOW HITPOINT WARNING * * *
You closely miss Natasha. Your kick misses Natasha.
Your tail-slap misses Natasha.
Natasha is almost dead.
Natasha zaps a wand.
The puff of flame hits you!
* * * LOW HITPOINT WARNING * * *
Natasha claws you.
You die...

# ### # .. . # .# ... #
##########.#..... #
#§§@h§§§..5......
##############§##.§§§...#...##
##.........##..########## .#
...........##...#
##..........#...##
#..........##...#
#########...##...# .....#
#...##...## .....#
#...###...###


You could see Natasha.

Vanquished Creatures
  An adder (D:3)
  A dart slug (D:3)
  An orc (D:3)
  2 ball pythons (D:1)
  8 endoplasms
  2 giant cockroaches
  5 hobgoblins
  2 quokkas (D:1)
  4 bats
  3 frilled lizards
  7 goblins
  3 kobolds
  5 rats
44 creatures vanquished.

Notes
Turn   | Place    | Note
-------+----------+-------------------------------------------
     0 | D:1      | DocSulfur the Draconian Transmuter began the quest for the
                  | Orb.
     0 | D:1      | Reached XP level 1. HP: 16/16 MP: 3/3
   232 | D:1      | Reached XP level 2. HP: 15/23 MP: 1/5
   514 | D:1      | Found a faded altar of an unknown god.
   688 | D:1      | Reached XP level 3. HP: 28/28 MP: 3/6
   961 | D:2      | Learned a level 3 spell: Spider Form
   964 | D:2      | Learned a level 2 spell: Wereblood
  1104 | D:2      | Noticed Sigmund
  1548 | D:3      | Reached skill level 1 in Poison Magic
  1782 | D:2      | Found a shimmering altar of Xom.
  2152 | D:2      | Noticed Natasha
  2168 | D:2      | Slain by Natasha

Illustrated notes

Levels and vault maps discovered:
D:1:      minmay_arrival_shattered_statue, layout_rooms,
          shapermc_ecumenical_altar_venn
D:2:      layout_basic, basic_altar, serial_curves, eino_curves_04,
          eino_curves_04, uniq_natasha, uniq_sigmund
D:3:      layout_loops_corners, minivault_14

Skill      XL: |  1  2  3 |
---------------+----------+-----
Transmutations | 3 |  3.2
Poison Magic   | 1 |  1.1
Fighting       | |  1.1
Dodging        | |  1.7
Unarmed Combat | |  3.7
Spellcasting   | |  2.0

Action                   || total
-------------------------++-------
Melee: Unarmed           ||   113
       Headbutt          ||    14
       Kick              ||    16
       Punch             ||     1
       Tailslap          ||     9
 Cast: Beastly Appendage ||    26
  Use: Scroll            ||     2
 Stab: Sleeping          ||     1
Armor: Skin              ||    37
Dodge: Dodged            ||    69

Table legend: (Time is in decaauts)
 A = Elapsed time spent in this place.
 B = Non-inter-level travel time spent in this place.
 C = Inter-level travel time spent in this place.
 D = Time resting spent in this place.
 E = Time spent auto-exploring this place.
 F = Levels seen in this place.
 G = Mean time per level.
                   A        B        C        D        E       F      G
               +--------+--------+--------+--------+--------+-----+--------+
         Total |   2165 |   2165 |      0 |      0 |   1170 |   3 |  721.7 |
       Dungeon |   2165 |   2165 |      0 |      0 |   1170 |   3 |  721.7 |
               +--------+--------+--------+--------+--------+-----+--------+

Top non-repeatable levels by time:
     D:1: 949 daAuts
     D:3: 612 daAuts
     D:2: 603 daAuts
